AoeStats
← Simon Stokvis

Nomad

504807614Analyzed
4v4 RM · 27d ago on Sep 6, 2026· 33m 8s· 8 players
Game mode
Random Map
Map size
231×231
Population
200
Speed
Normal
Resources
Standard
Victory
Conquest
Starting age
Dark Age
Ending age
Imperial Age
RankedLock teamsTeams togetherTeam positionsShared explorationLock speedFull tech treeHidden civsTurbo modeCheats
Victory
Defeat
🇨🇳 Franks · China
1590
+13
🇨🇳 Vietnamese · China
1588
+13
🇨🇳 Mongols · China
1533
+15
🇨🇳 Wu · China
1525
+15
🇳🇴 Berbers · Norway
1576
-17
🇳🇱 Malay · Netherlands
1512
-14
🇨🇭 Bulgarians · Switzerland
1500
-13
🇩🇪 Persians · Germany
1477
-12
Simon Stokvis
4:42 Loom
13:48 Feudal Age
15:12 Fletching
18:42 Double-Bit Axe
21:56 Castle Age
21:45 Medium Warships
21:44 Gold Mining
23:28 Wheelbarrow
22:38 Town Watch
27:33 Ballistics
28:42 Bodkin Arrow
35:56 Imperial Age
daMastah2
3:19 Loom
15:05 Feudal Age
16:12 Fishing Lines
19:13 Castle Age
19:51 Double-Bit Axe
20:00 Fletching
20:03 Gillnets
20:10 Gold Mining
21:34 Bodkin Arrow
23:40 Padded Archer Armor
M*rpheu$
3:16 Loom
12:56 Feudal Age
19:02 Castle Age
17:59 Double-Bit Axe
18:49 Horse Collar
20:37 Bow Saw
23:07 Heavy Plow
26:05 Wheelbarrow
26:58 Husbandry
27:11 Bloodlines
27:05 Town Watch
28:13 Scale Barding Armor
28:18 Forging
29:37 Chain Barding Armor
Guggus3
9:17 Loom
13:28 Feudal Age
18:15 Castle Age
16:19 Double-Bit Axe
19:20 Bow Saw
21:26 Horse Collar
29:48 Scale Mail Armor
29:55 Scale Barding Armor
牛欢喜
5:01 Loom
13:01 Feudal Age
13:54 Double-Bit Axe
17:28 Forging
21:15 Castle Age
22:18 Bow Saw
22:46 Iron Casting
22:34 Medium Warships
23:26 Clinker Construction
24:56 Town Watch
25:47 Wheelbarrow
25:28 Gold Mining
27:01 Pikeman
27:43 Scale Mail Armor
27:31 Horse Collar
29:30 Squires
32:05 Arson
36:07 Imperial Age
咸酸菜
4:19 Loom
13:07 Feudal Age
14:12 Double-Bit Axe
18:35 Castle Age
17:13 Scale Barding Armor
18:39 Forging
19:46 Chain Barding Armor
22:39 Wheelbarrow
21:50 Town Watch
27:47 Husbandry
28:32 Hand Cart
30:39 Gold Mining
34:09 Imperial Age
32:41 Iron Casting
超级硬邦邦
3:33 Loom
4:00 Loom
14:07 Feudal Age
18:16 Castle Age
17:21 Double-Bit Axe
19:33 Bow Saw
20:24 Fletching
21:17 Bodkin Arrow
22:10 Padded Archer Armor
24:51 Wheelbarrow
24:02 Town Watch
24:03 Fishing Lines
25:47 Leather Archer Armor
29:47 Hand Cart
哇哈哈
10:34 Loom
12:30 Feudal Age
17:10 Castle Age
17:19 Double-Bit Axe
17:18 Horse Collar
17:29 Gold Mining
19:07 Bow Saw
21:00 Fletching
22:57 Bodkin Arrow
24:59 Padded Archer Armor
26:39 Leather Archer Armor
28:01 Ballistics
31:33 Wheelbarrow
35:59 Imperial Age
Connection lost

Rejoining the realm…

Still unreachable

The connection could not be restored.

Session expired

The server has moved on; the page needs a fresh start.